 Dungeon Crawl Stone Soup version 0.26.0-15-gc6cd9f7 (webtiles) character file.

Game seed: 1248350608361560062

287 MercyWheel the Stinger (level 6, -3/57 HPs)
             Began as an Octopode Transmuter on Jan 23, 2021.
             Slain by a phantom (5 damage)
             ... on level 4 of the Dungeon.
             The game lasted 00:06:11 (2974 turns).

MercyWheel the Stinger (Octopode Transmuter)        Turns: 2974, Time: 00:06:11

Health: -3/57      AC:  1    Str:  9    XL:     6   Next: 30%
Magic:  8/9        EV: 13    Int: 15    God:
Gold:   167        SH:  0    Dex: 15    Spells: 3/9 levels left

rFire    . . .     SeeInvis .   n - +0 spear (curse)
rCold    . . .     Faith    .   (no shield)
rNeg     . . .     Spirit   .   (helmet restricted)
rPois    .         Reflect  .   (no amulet)
rElec    .         Harm     .   (no ring)
rCorr    .         Rampage  .   (no ring)
Will     .....                  (no ring)
Stlth    ..........             (no ring)
HPRegen  0.19/turn              (no ring)
MPRegen  0.11/turn              (no ring)
                                (no ring)
                                (no ring)

@: berserking, very quick
A: almost no armour, stealthy swim, amphibious, 8 rings, constrict 8, camouflage
1, gelatinous body 1
a: no special abilities


You were on level 4 of the Dungeon.
You visited 1 branch of the dungeon, and saw 4 of its levels.

You collected 167 gold pieces.

Inventory:

Hand Weapons
 n - a cursed +0 spear (weapon)
Missiles
 b - 50 bolts
 p - a throwing net
Jewellery
 q - the ring of the Devil's Advocate {Fire MP-9 Str+2 Int+6}
   (You found it on level 4 of the Dungeon)

   [ring of fire]

   It enhances your fire magic.
   It affects your strength (+2).
   It affects your intelligence (+6).
   It protects you from fire.
   It makes you vulnerable to cold.
   It affects your magic capacity (-9).
Wands
 h - a wand of digging (6)
 k - a wand of iceblast (10)
Scrolls
 a - 4 scrolls of identify {unknown}
 f - 2 scrolls of teleportation {unknown}
 j - a scroll of fog {unknown}
 m - a scroll of remove curse {unknown}
 o - a scroll of blinking {unknown}
Potions
 c - a potion of haste {unknown}
 e - 3 potions of attraction
 l - a potion of degeneration {unknown}


   Skills:
 - Level 1.0 Fighting
 - Level 2.0 Dodging
 + Level 1.8 Stealth
 - Level 3.0 Unarmed Combat
 - Level 2.0 Spellcasting
 - Level 4.6 Transmutations
 - Level 4.8 Poison Magic


You had 3 spell levels left.
You knew the following spells:

 Your Spells              Type           Power        Failure   Level
a - Beastly Appendage     Tmut           30%          3%          1
b - Wereblood             Tmut           15%          4%          2
c - Spider Form           Tmut/Pois      7%           10%         3

Your spell library contained the following spells:

 Spells                   Type           Power        Failure   Level
 Ice Form                 Ice/Tmut       8%           65%         4
 Blade Hands              Tmut           7%           67%         5


Dungeon Overview and Level Annotations

Branches:
Dungeon (4/15)
 Temple: D:4-7

Altars:
Vehumet

Annotations:
D:2 1 exclusion


Innate Abilities, Weirdness & Mutations

You cannot wear most types of armour.
You are very stealthy in the water. (Stealth+)
You are amphibious.
You can wear up to eight rings at the same time.
You can use your tentacles to constrict eight enemies at once.
Your skin changes colour to match your surroundings (Stealth+).
Your rubbery body absorbs attacks. (AC +1, EV +1)


Message History

The phantom is severely damaged.
A jackal comes into view.
The phantom hits you.
* * * LOW HITPOINT WARNING * * *
The phantom blinks!
The jackal is pulled toward you! The phantom is pulled toward you!
Evoke which item? (* to show all) (? for menu, Esc to quit)
Okay, then.
It was a potion of cancellation.
Your magical effects are unravelling.
You feel magically purged.
A jackal comes into view.
The phantom barely misses you. The jackal is pulled toward you! x2
You feel less attractive to monsters.
It was a potion of berserk rage.
A red film seems to cover your vision as you go berserk!
You feel yourself moving faster!
You feel mighty!
The jackal barks!
The phantom hits you.
You die...

#.. #.# #.#
#.# #h#
#h######+#
###W#.......
#...@.......
#...§.......
#.......##+#
###'#####
#†#
########.#
...
#........#
.... .#
##.########
....###.#
#.# #.(..#
......#


You could see a phantom and 2 jackals.

Vanquished Creatures
  Sigmund (D:2)
  Robin (D:2)
  3 adders
  2 oozes
  2 worms
  2 dart slugs (D:1)
  An orc (D:4)
  A ball python (D:3)
  10 bats
  A giant cockroach (D:1)
  12 goblins
  14 hobgoblins
  5 jackals
  6 frilled lizards
  4 kobolds
  7 rats
72 creatures vanquished.

Notes
Turn   | Place    | Note
-------+----------+-------------------------------------------
     0 | D:1      | MercyWheel the Octopode Transmuter began the quest for the
                  | Orb.
     0 | D:1      | Reached XP level 1. HP: 13/13 MP: 3/3
     7 | D:1      | Noticed a minotaur skeleton
    75 | D:1      | Reached XP level 2. HP: 15/18 MP: 3/5
   158 | D:1      | Learned a level 2 spell: Wereblood
   641 | D:1      | Reached XP level 3. HP: 19/23 MP: 2/6
   721 | D:2      | Noticed Robin
  1296 | D:2      | Reached XP level 4. HP: 25/28 MP: 4/7
  1315 | D:2      | Killed Robin
  1538 | D:2      | Learned a level 3 spell: Spider Form
  1551 | D:2      | Found a faded altar of an unknown god.
  1832 | D:2      | Noticed Sigmund
  1839 | D:2      | Reached skill level 1 in Poison Magic
  1850 | D:2      | Killed Sigmund
  1851 | D:2      | Reached XP level 5. HP: 24/33 MP: 2/8
  1851 | D:2      | Reached XP level 6. HP: 27/38 MP: 2/9
  2471 | D:3      | Reached skill level 1 in Stealth
  2606 | D:3      | Found a radiant altar of Vehumet.
  2822 | D:4      | Got a vibrating lapis lazuli ring
  2823 | D:4      | Identified the ring of the Devil's Advocate {Fire MP-9
                  | Str+2 Int+6} (You found it on level 4 of the Dungeon)
  2929 | D:4      | Noticed a phantom
  2972 | D:4      | HP: 1/38 [phantom (2)]
  2974 | D:4      | Slain by a phantom

Illustrated notes

Levels and vault maps discovered:
D:1:      shiori_arrival_whats_in_store_for_you, layout_rooms,
          minmay_nonomino_d4
D:2:      layout_loops_cross, lemuel_coloured_pillars_altar,
          chequers_ecumenical_altar_simple_redux, uniq_sigmund, uniq_robin
D:3:      kennysheep_big_flooded_room, layout_loops_cross,
          overflow_temple_1_default
D:4:      layout_basic, nicolae_qazlal_general_emergency, lemuel_round_altar,
          lemuel_crystal_altar, gammafunk_ghost_icy

Skill      XL: |  1  2  3  4  5  6 |
---------------+-------------------+-----
Transmutations | 3 4 |  4.6
Poison Magic   | 4 |  4.8
Stealth        | 1 |  1.8
Fighting       | |  1.0
Dodging        | |  2.0
Unarmed Combat | |  3.0
Spellcasting   | |  2.0

Action                   |  1- 3 |  4- 6 || total
-------------------------+-------+-------++-------
Melee: Unarmed           |    68 |    80 ||   148
       Constrict         |    21 |    16 ||    37
       Kick              |    11 |    10 ||    21
       Tentacles         |    12 |    11 ||    23
       Punch             |     1 |       ||     1
       Spear             |       |    27 ||    27
 Cast: Beastly Appendage |     9 |     6 ||    15
       Wereblood         |     4 |     3 ||     7
       Spider Form       |       |     2 ||     2
  Use: Potion            |       |     6 ||     6
 Stab: Sleeping          |     3 |     5 ||     8
       Distracted        |       |     1 ||     1
Armor: Skin              |     5 |     8 ||    13
Dodge: Dodged            |    37 |    56 ||    93
